 Dungeon Crawl Stone Soup version 0.25-a0-578-gc91f01c39c (webtiles) character file.

Game seed: 10755578482865134929, levelgen mode: deterministic

402 ReteAZ the Carver (level 6, -3/44 HPs)
             Began as a Merfolk Gladiator on Mar 3, 2020.
             Was an Initiate of Okawaru.
             Slain by a sky beast (6 damage)
             ... on level 5 of the Dungeon.
             The game lasted 00:04:16 (3654 turns).

ReteAZ the Carver (Merfolk Gladiator)               Turns: 3654, Time: 00:04:17

Health: -3/44      AC:  7    Str: 14    XL:     6   Next: 85%
Magic:  6/6        EV: 13    Int:  7    God:    Okawaru [......]
Gold:   160        SH:  0    Dex: 18    Spells: 5/5 levels left

rFire    . . .     SeeInvis .   a - +0 long sword
rCold    . . .     Gourm    .   (no shield)
rNeg     . . .     Faith    .   r - +0 leather armour {rPois}
rPois    +         Spirit   .   n - +1 helmet
rElec    .         Reflect  .   (no cloak)
rCorr    .         Harm     .   i - +1 pair of gloves
MR       .....                  (no boots)
Stlth    ++........             (no amulet)
HPRegen  0.14/turn              g - ring of stealth
MPRegen  0.10/turn              (no ring)

@: mighty, brilliant, stab, drained
A: change form in water, swift swim, stealthy swim
a: Renounce Religion


You were on level 5 of the Dungeon.
You worshipped Okawaru.
Okawaru was noncommittal.
You were very hungry.

You visited 2 branches of the dungeon, and saw 6 of its levels.

You collected 160 gold pieces.

Inventory:

Hand Weapons
 a - a +0 long sword (weapon)
 A - a +1 dagger of flaming
Missiles
 d - 3 throwing nets
 l - 12 poisoned darts (quivered)
Armour
 i - a +1 pair of gloves (worn)
 n - a +1 helmet (worn)
 r - a +0 leather armour of poison resistance (worn)
 s - a cursed -1 leather armour
Jewellery
 g - a ring of stealth (left hand)
Scrolls
 b - 2 scrolls of identify {unknown}
 h - 3 scrolls of immolation {unknown}
 j - 3 scrolls of teleportation {unknown}
 o - 3 scrolls of blinking {unknown}
 p - 2 scrolls of enchant armour {unknown}
 v - 2 scrolls of magic mapping {unknown}
 w - a scroll of amnesia {unknown}
 z - 2 scrolls of remove curse {unknown}
Potions
 u - a potion of haste {unknown}
 x - a potion of cancellation {unknown}
Comestibles
 f - 8 rations


   Skills:
 - Level 2.1(1.5) Fighting
 + Level 8.2(7.4) Long Blades
 - Level 2.0(1.3) Throwing
 - Level 4.0(3.2) Dodging


You had 5 spell levels left.
You didn't know any spells.
Your spell library was empty.

Dungeon Overview and Level Annotations

Branches:
Dungeon (4/15)             Temple (1/1) D:4

Altars:
Ashenzari
Dithmenos
Fedhas
Gozag
Kikubaaqudgha
Makhleb
Nemelex Xobeh
Okawaru
Ru
Sif Muna
Trog
Xom
Yredelemnul
Zin
The Shining One


Message History

* * * LOW HITPOINT WARNING * * *
It was a potion of might.
You feel very mighty all of a sudden. The sky beast closely misses you.
You riposte.
You slash the sky beast!
The sky beast is severely wounded.
Okay, then.
You aren't carrying any items that you can evoke.
Unknown command.
It was a potion of stabbing.
You feel ready to backstab.
The sky beast flickers out of sight!
Deactivating autopickup; reactivate with Ctrl-A.
Something hits you but does no damage.
It was a potion of brilliance.
You feel clever all of a sudden.
A shadow imp comes into view.
Something hits you.
* * * LOW HITPOINT WARNING * * *
Something shocks you.
You die...

.#.###
#....## .#.#
#.....# ##.#
##....# ...#
#....#
...### .
###..#
.....#
#'########.#
####.#
...........#
#.#
...........#
#.#
.5......@..#
#.#
#######{####
#.# #.≈.#
#.# #..).S#
#.#
#.......#
#.#
#.......#
#.......#
##...).##
##...##


You could see a shadow imp (wandering).

Vanquished Creatures
  A scorpion (D:5)
  2 jellies (D:5)
  2 hounds
  An orc wizard (D:4)
  A worker ant (D:4)
  2 gnolls (D:5)
  5 adders
  A shadow imp (D:3)
  An ooze (D:1)
  An adder skeleton (D:5)
  3 worms
  A dart slug (D:3)
  2 leopard geckos
  4 orcs
  12 bats
  4 giant cockroaches
  9 goblins
  7 hobgoblins
  2 quokkas
  2 ball pythons (D:3)
  9 frilled lizards
  6 kobolds
  2 leopard gecko skeletons (D:4)
  A leopard gecko zombie (D:2)
  11 rats
92 creatures vanquished.

Notes
Turn   | Place    | Note
-------+----------+-------------------------------------------
     0 | D:1      | ReteAZ the Merfolk Gladiator began the quest for the Orb.
     0 | D:1      | Reached XP level 1. HP: 16/16 MP: 1/1
   104 | D:1      | Reached XP level 2. HP: 21/22 MP: 2/2
   111 | D:1      | Reached skill level 4 in Long Blades
   532 | D:1      | Reached XP level 3. HP: 27/27 MP: 3/3
   853 | D:2      | Reached skill level 5 in Long Blades
  1232 | D:3      | Reached XP level 4. HP: 33/33 MP: 4/4
  2033 | D:3      | Reached skill level 6 in Long Blades
  2051 | D:3      | Reached XP level 5. HP: 38/38 MP: 5/5
  2252 | D:3      | Found a burning altar of Makhleb.
  2422 | D:4      | Found a blossoming altar of Fedhas.
  2537 | D:4      | Found a shimmering altar of Xom.
  2581 | D:4      | Reached skill level 7 in Long Blades
  2586 | D:4      | Reached XP level 6. HP: 29/44 MP: 6/6
  2706 | D:4      | Found a staircase to the Ecumenical Temple.
  2813 | Temple   | Entered the Ecumenical Temple
  3014 | Temple   | Became a worshipper of Warmaster Okawaru
  3121 | D:4      | You fall into a shaft and drop 1 floor!
  3121 | D:5      | Entered Level 5 of the Dungeon
  3626 | D:5      | Noticed a sky beast
  3626 | D:5      | Reached skill level 8 in Long Blades
  3645 | D:5      | HP: 2/44 [something (6)]
  3654 | D:5      | Slain by a sky beast

Levels and vault maps discovered:
D:1:      dpeg_arrival_rooms_c, layout_basic
D:2:      minmay_alternating_diamond, layout_rooms
D:3:      layout_basic, lemuel_crystal_altar, first_ration
D:4:      cheibrodos_greedy_goblins, layout_cave_pods, kennysheep_little_box,
          minmay_temple_entry_enclosed_plants, fedhas_altar_2
D:5:      minmay_opposing_rooms, layout_basic, kennysheep_generic_room_11
Temple:   oiseaux_autumnal_temple

Skill      XL: |  1  2  3  4  5  6 |
---------------+-------------------+-----
Long Blades    | 4 5 6 7 8 |  8.2
Fighting       | |  2.1
Throwing       | |  2.0
Dodging        | |  4.0

Action                   |  1- 3 |  4- 6 || total
-------------------------+-------+-------++-------
Melee: Long sword        |   107 |   142 ||   249
  Use: Potion            |       |     8 ||     8
 Stab: Sleeping          |     1 |     2 ||     3
  Eat: Chunk             |     1 |     7 ||     8
Armor: Leather armour    |    37 |    35 ||    72
Dodge: Dodged            |    87 |   117 ||   204
       Rpst.: Long sword |    23 |    45 ||    68

Table legend:
 A = Non-vault XP
 B = Vault XP
 C = Vault XP percentage of total XP
 D = Non-vault monster count
 E = Vault monster count
 F = Vault count percentage of total count
                 A         B        C        D         E       F
            +---------+---------+-------+---------+---------+-------
      Total |     383 |     192 |  33.4 |      82 |      10 |  10.9
            +---------+---------+-------+---------+---------+-------
        D:1 |      38 |       0 |   0.0 |      21 |       0 |   0.0
        D:2 |      31 |       8 |  20.5 |      20 |       3 |  13.0
        D:3 |     110 |       0 |   0.0 |      28 |       0 |   0.0
        D:4 |     133 |       0 |   0.0 |      10 |       0 |   0.0
        D:5 |      71 |     184 |  72.2 |       3 |       7 |  70.0
            +---------+---------+-------+---------+---------+-------
